 Dungeon Crawl Stone Soup version 0.31-a0-523-g071a6c1ffa (webtiles) character file.

Game seed: 1097519798744523893

609 MisterAzrael the Trooper (level 7, -2/61 HPs)
             Began as a Hill Orc Fighter on Aug 11, 2023.
             Was an Initiate of Beogh.
             Succumbed to a scorpion's poison
             ... on level 5 of the Dungeon.
             The game lasted 00:06:33 (4420 turns).

MisterAzrael the Trooper (Hill Orc Fighter)         Turns: 4420, Time: 00:06:33

Health: -2/61      AC:  6    Str: 20 (21) XL:     7   Next: 43%
Magic:  8/8        EV:  9    Int:  7 (8)  God:    Beogh [......]
Gold:   258        SH:  4    Dex:  8 (10) Spells: 6/6 levels left

rFire   . . .        a - +1 war axe
rCold   . . .        c - +0 buckler
rNeg    . . .        b - +0 scale mail
rPois   .            m - +0 helmet
rElec   .            (no cloak)
rCorr   .            (no gloves)
SInv    .            q - +0 pair of boots
Will    .....        (no amulet) Stlth
                     (no ring)
HPRegen 0.30/turn    (no ring)
MPRegen 0.11/turn

%: no passive effects
@: lethally poisoned (-2 -> -25)
A: deformed body, noise suppression
a: Renounce Religion


You were on level 5 of the Dungeon.
You worshipped Beogh.
Beogh was noncommittal.
You visited 1 branch of the dungeon, and saw 5 of its levels.

You collected 258 gold pieces.

Inventory:

Hand Weapons
 a - a +1 war axe (weapon)
 g - a +0 heavy mace
Missiles
 i - 2 boomerangs (quivered)
 j - 3 javelins
Armour
 b - a +0 scale mail (worn)
 c - a +0 buckler (worn)
 m - a +0 helmet (worn)
 q - a +0 pair of boots (worn)
Jewellery
 e - a ring of wizardry
Scrolls
 d - 2 scrolls of identify
 k - a scroll of fear
 l - a scroll of vulnerability {unknown}
 n - a scroll of torment
 o - a scroll of revelation
 p - a scroll of enchant weapon
 s - a scroll of acquirement {unknown}
 t - a scroll of teleportation
Potions
 f - a potion of mutation
 r - a potion of cancellation {unknown}


   Skills:
 + Level 5.2 Fighting
 + Level 5.0 Axes
 * Level 3.5 Throwing
 + Level 4.7 Armour
 + Level 4.8 Shields
 * Level 1.5 Invocations


You had 6 spell levels left.
You didn't know any spells.
Your spell library contained the following spells:

 Spells                   Type           Power      Damage    Failure   Level
 Call Canine Familiar     Summ           0%         N/A       99%         3
 Ozocubu's Armour         Ice            0%         N/A       99%         3
 Portal Projectile        Hex/Tloc       0%         N/A       99%         3
 Leda's Liquefaction      Hex/Erth       0%         N/A       100%        4
 Metabolic Englaciation   Hex/Ice        0%         N/A       100%        5
 Simulacrum               Ice/Necr       0%         N/A       100%        6


Dungeon Overview and Level Annotations

Branches:
Dungeon (5/15)
 Temple: D:4-7

Altars:
Qazlal


Innate Abilities, Weirdness & Mutations

Armour fits poorly on your strangely shaped body.
You passively dampen the noise of your surroundings.


Message History

The scorpion stings you.
You are poisoned.
The scorpion poisons you!
You hit the scorpion.
The scorpion is lightly wounded.
You closely miss the white imp.
You feel very sick. The scorpion stings you.
You are more poisoned.
The scorpion poisons you!
The white imp hits you but does no damage.
The scorpion stings you.
You are more poisoned.
The scorpion poisons you!
You closely miss the scorpion.
The scorpion is lightly wounded.
You hit the white imp.
You feel extremely sick. The white imp hits you. The white imp freezes you.
The scorpion stings you.
You are lethally poisoned!
The scorpion poisons you! The white imp hits you. The white imp freezes you.
You are too injured to fight recklessly!
It was a potion of mutation.
You feel extremely strange.
Your body twists and deforms.
You feel your surroundings grow quieter.
* * * LOW HITPOINT WARNING * * *
You feel extremely sick. The scorpion closely misses you.
The white imp gestures at you. The puff of frost hits you.
* * * LOW HITPOINT WARNING * * *
The scorpion closely misses you. The scorpion attacks as you move away!
The scorpion stings you but does no damage.
* * * LOW HITPOINT WARNING * * *
You feel extremely sick.
It was a potion of degeneration.
There was something very wrong with that liquid.
You feel weakened.
You feel dopey.
You feel clumsy.
You die...

....≈≈ §#...#.##....#
..§≈#≈####.≈.#.##....#
....≈§§≈≈....#.###'####
..≈...≈§§.≈..#.###....#
......≈......#...<..#.#
#+#####..#.######....# ..
...........# #....# #
...........# #....#
........@5.# #.....
.........s.# #......
........................
..........#..............
###.......#..$)..
###...###...... ###.
..... ## ..... ....


You could see a scorpion and a white imp.

Vanquished Creatures
  A wyvern (D:4)
  A black bear (D:4)
  A scorpion (D:4)
  A jelly (D:5)
  Natasha (thrice) (D:3)
  6 gnolls
  8 adders
  A dart slug (D:2)
  4 orcs
  11 bats
  9 endoplasms
  3 giant cockroaches
  5 goblins
  7 hobgoblins
  4 jackals
  4 quokkas
  5 ball pythons
  6 frilled lizards
  8 kobolds
  10 rats
98 creatures vanquished.

Vanquished Creatures (others)
  A phantom (D:4)
  2 orcs (D:4)
  A giant cockroach (D:4)
4 creatures vanquished.

Grand Total: 102 creatures vanquished

Notes
Turn   | Place    | Note
-------+----------+-------------------------------------------
     0 | D:1      | MisterAzrael the Hill Orc Fighter began the quest for the
                  | Orb.
     0 | D:1      | Reached XP level 1. HP: 19/19 MP: 1/1
    60 | D:1      | Reached XP level 2. HP: 8/27 MP: 2/2
   441 | D:1      | Reached XP level 3. HP: 30/33 MP: 3/3
  1029 | D:2      | Reached skill level 1 in Throwing
  1079 | D:2      | Reached XP level 4. HP: 40/40 MP: 4/4
  1879 | D:3      | Reached XP level 5. HP: 22/47 MP: 5/5
  2683 | D:3      | Noticed Natasha
  2692 | D:3      | Killed Natasha
  2916 | D:3      | HP: 1/47 [gnoll/+2 heavy spear (11)]
  2940 | D:3      | Noticed Natasha
  2947 | D:3      | Killed Natasha
  2948 | D:3      | Reached XP level 6. HP: 15/53 MP: 6/6
  3345 | D:3      | Noticed Natasha
  3355 | D:3      | Killed Natasha
  3448 | D:4      | Became a worshipper of Beogh the Brigand
  3451 | D:4      | Noticed a wyvern
  3460 | D:4      | Killed a wyvern
  3637 | D:4      | Reached skill level 5 in Fighting
  3637 | D:4      | Reached XP level 7. HP: 56/61 MP: 7/7
  4201 | D:4      | Reached skill level 1 in Invocations
  4389 | D:5      | Entered Level 5 of the Dungeon
  4402 | D:5      | Reached skill level 5 in Axes
  4403 | D:5      | Found a stormy altar of Qazlal.
  4418 | D:5      | Gained mutation: Armour fits poorly on your strangely
                  | shaped body. [potion of mutation]
  4418 | D:5      | Gained mutation: You passively dampen the noise of your
                  | surroundings. [potion of mutation]
  4419 | D:5      | HP: 3/61 [poisoned by a scorpion]
  4420 | D:5      | Succumbed to a scorpion's poison

Illustrated notes

Levels and vault maps discovered:
D:1:      amcnicky_arrival_feature_with_door, layout_basic,
          chequers_serial_rivers_small_3, minivault_19, nrook_mini_vaults,
          minmay_split_cup_large
D:2:      layout_loops_cross, minmay_statues_item
D:3:      minmay_wonky_spiral, layout_basic, reono_crystal_passage, minmay_puff,
          uniq_natasha
D:4:      layout_basic
D:5:      layout_basic, nicolae_qazlal_general_emergency,
          minmay_temple_entry_hall

Skill      XL: |  1  2  3  4  5  6  7 |
---------------+----------------------+-----
Axes           | 3 4 5 |  5.0
Fighting       | 4 5 |  5.2
Throwing       | 1 2 3 |  3.5
Shields        | 4 |  4.8
Armour         | 4 |  4.7
Invocations    | 1 |  1.5

Action                     |  1- 3 |  4- 6 |  7- 9 || total
---------------------------+-------+-------+-------++-------
  Melee: War axe           |    87 |   146 |    30 ||   263
  Throw: Boomerang         |    28 |    14 |       ||    42
         Javelin           |       |     3 |       ||     3
 Invoke: Convert to Beogh  |       |     1 |       ||     1
    Use: Scroll            |       |     9 |       ||     9
         Potion            |       |     8 |     2 ||    10
 Armour: Scale mail        |    55 |    76 |    18 ||   149
         Skin              |       |     4 |       ||     4
  Dodge: Dodged            |    37 |    80 |    21 ||   138
  Block: Buckler           |    19 |    47 |    11 ||    77

Table legend: (Time is in decaauts)
 A = Elapsed time spent in this place.
 B = Non-inter-level travel time spent in this place.
 C = Inter-level travel time spent in this place.
 D = Time resting spent in this place.
 E = Time spent auto-exploring this place.
 F = Levels seen in this place.
 G = Mean time per level.
                   A        B        C        D        E       F      G
               +--------+--------+--------+--------+--------+-----+--------+
         Total |   4543 |   4460 |     83 |    730 |   2832 |   5 |  908.6 |
       Dungeon |   4543 |   4460 |     83 |    730 |   2832 |   5 |  908.6 |
               +--------+--------+--------+--------+--------+-----+--------+

Top non-repeatable levels by time:
     D:3: 1844 daAuts
     D:4: 951 daAuts
     D:1: 934 daAuts
     D:2: 781 daAuts
     D:5: 31 daAuts
